 Dungeon Sprint DCSS version 0.30-a0-840-ga523dec638 (webtiles) character file.

Game seed: 7695472421300924093

15 NinjaNoafa the Cutter (level 2, -4/14 HPs)
             Began as a Spriggan Warper on Mar 2, 2023.
             Was a Believer of Uskayaw.
             Slain by a scorpion (6 damage)
             ... in the Dungeon (Sprint VII: "The Pits").
             The game lasted 00:01:17 (149 turns).

NinjaNoafa the Cutter (Spriggan Warper)              Turns: 149, Time: 00:01:17

Health: -4/14      AC:  2    Str:  7    XL:     2   Next: 34%
Magic:  3/6        EV: 17    Int: 14    God:    Uskayaw [**....]
Gold:   0          SH:  0    Dex: 14    Spells: 6/6 levels left

rFire   . . .      SeeInvis +    a - +2 dagger
rCold   . . .      Faith    .    (no shield)
rNeg    . . .      Spirit   .    b - +0 robe
rPois   .          Reflect  .    (helmet restricted)
rElec   .          Harm     .    (no cloak)
rCorr   .          Rampage  .    (gloves unavailable)
Will    .....      NoTele   +    (boots unavailable)
Stlth   +                        (no amulet)
HPRegen 0.22/turn                (no ring)
MPRegen 0.10/turn                (no ring)

@: on berserk cooldown, hasted and slowed, very quick
A: very small, no large weapons, unfitting armour, see invisible, speed 3
a: Renounce Religion, Stomp, Line Pass


You were in the Dungeon.
You worshipped Uskayaw.
Uskayaw was noncommittal.
You visited 1 branch

Inventory:

Hand Weapons
 a - a +2 dagger (weapon)
Missiles
 d - 7 boomerangs of dispersal (quivered)
Armour
 b - a +0 robe (worn)
Scrolls
 c - 2 scrolls of blinking
 k - 5 scrolls of amnesia
 l - a scroll of butterflies
 m - 2 scrolls of vulnerability
Potions
 h - 4 potions of magic
 i - 2 potions of berserk rage
 j - 2 potions of invisibility


   Skills:
 - Level 1.5 Fighting
 + Level 5.8 Short Blades
 - Level 1.0 Throwing
 - Level 3.2 Dodging
 - Level 2.6 Spellcasting
 - Level 4.4 Translocations


You had 6 spell levels left.
You didn't know any spells.
Your spell library contained the following spells:

 Spells                   Type           Power      Damage    Failure   Level
 Blink                    Tloc           28%        N/A       5%          2
 Lesser Beckoning         Tloc           28%        N/A       5%          2
 Teleport Other           Tloc           14%        N/A       11%         3
 Vhi's Electric Charge    Tloc/Air       16%        N/A       26%         3
 Manifold Assault         Tloc           14%        N/A       36%         4


Dungeon Overview and Level Annotations

Branches:
Dungeon (1/1)

Altars:
Ashenzari
Cheibriados
Dithmenos
Elyvilon
Fedhas
Gozag
Hepliaklqana
Kikubaaqudgha
Makhleb
Nemelex Xobeh
Okawaru
Qazlal
Ru
Sif Muna
Trog
Uskayaw
Vehumet
Wu Jian
Xom
Yredelemnul
Zin
The Shining One
Jiyva
Lugonu


Innate Abilities, Weirdness & Mutations

You are very small and have problems with some larger weapons.
You are too small for most types of armour.
You have supernaturally acute eyesight. (SInv)
You cover ground extremely quickly. (Speed+++)


Message History

The scorpion appears confused.
The ball python appears confused.
A phantom comes into view.
You can no longer pass through a line of other dancers.
The scorpion stings the ball python!
The ball python is killed!
The ball python completely misses you. The ball python closely misses you. x3
You closely miss the ball python.
The scorpion seems less confused.
The ball python bites you. The ball python grabs you.
The ball python constricts you.
You hit the ball python.
The ball python is moderately wounded.
The ball python barely misses you. The ball python constricts you.
The phantom barely misses you. The scorpion closely misses you.
You escape the ball python's grasp.
The scorpion stings you.
* * * LOW HITPOINT WARNING * * *
You are lethally poisoned!
The scorpion poisons you!
You feel better. The ball python barely misses you. x2
The scorpion stings you. The ball python barely misses you.
The ball python misses you. The scorpion closely misses you.
You hit the scorpion.
The scorpion is lightly wounded.
The ball python closely misses you. The ball python barely misses you.
The scorpion completely misses you.
You feel yourself speed up. The ball python closely misses you.
The ball python barely misses you. The scorpion closely misses you.
The ball python closely misses you. x2; The scorpion stings you!
Ouch! That really hurt!
* * * LOW HITPOINT WARNING * * *
You hit the ball python.
The ball python is heavily wounded.
You can now pass through a line of other dancers.
Okay, then.
You hit the ball python.
The ball python is severely wounded.
The ball python completely misses you. The ball python closely misses you.
The scorpion completely misses you.
The ball python bites you but does no damage.
The ball python barely misses you. The scorpion stings you.
You die...

#+#####'#####......#
#.....# #.......
#.....# ####'###
###'### #.......
#..†..# #.......
#.....# #.......
####'##+###...<...
#.SW†....##.......
#@s......##.......
###########.......
########


You could see a phantom, a scorpion and a ball python.

Vanquished Creatures
  An ufetubus (D)
  A ball python (D)
  A goblin (D)
  A hobgoblin (D)
  4 jackals (D)
8 creatures vanquished.

Notes
Turn   | Place    | Note
-------+----------+-------------------------------------------
     0 | D        | NinjaNoafa the Spriggan Warper began the quest for the Orb.
     0 | D        | Reached XP level 1. HP: 10/10 MP: 5/5
    19 | D        | Reached skill level 3 in Short Blades
    47 | D        | Found a bloodstained altar of Trog.
    47 | D        | Found a shimmering blue altar of Sif Muna.
    47 | D        | Found a viscous altar of Jiyva.
    47 | D        | Found a hazy altar of Hepliaklqana.
    47 | D        | Found an opulent altar of Gozag.
    48 | D        | Found a glowing golden altar of the Shining One.
    48 | D        | Found a glowing silver altar of Zin.
    48 | D        | Found a basalt altar of Yredelemnul.
    48 | D        | Found a shimmering altar of Xom.
    48 | D        | Found an ornate altar of the Wu Jian Council.
    48 | D        | Found a sacrificial altar of Ru.
    48 | D        | Found a stormy altar of Qazlal.
    48 | D        | Found an iron altar of Okawaru.
    48 | D        | Found a sparkling altar of Nemelex Xobeh.
    48 | D        | Found a burning altar of Makhleb.
    48 | D        | Found a blossoming altar of Fedhas.
    48 | D        | Found a white marble altar of Elyvilon.
    48 | D        | Found a shadowy altar of Dithmenos.
    48 | D        | Found a snail-covered altar of Cheibriados.
    49 | D        | Found a radiant altar of Vehumet.
    49 | D        | Found a corrupted altar of Lugonu.
    50 | D        | Found a hide-covered altar of Uskayaw.
    50 | D        | Found an ancient bone altar of Kikubaaqudgha.
    50 | D        | Found a broken altar of Ashenzari.
    58 | D        | Became a worshipper of Uskayaw the Reveller
    91 | D        | Reached * piety under Uskayaw
    94 | D        | Reached ** piety under Uskayaw
    95 | D        | Reached skill level 4 in Short Blades
   110 | D        | Reached *** piety under Uskayaw
   130 | D        | Reached skill level 5 in Short Blades
   130 | D        | Reached XP level 2. HP: 14/14 MP: 6/6
   135 | D        | Noticed a scorpion
   138 | D        | Noticed a phantom
   149 | D        | Slain by a scorpion

Illustrated notes

Levels and vault maps discovered:
D:        pitsprint [storerooms_1, entrance_room_1, metal_vault_1, armoury_1,
          mini_pit_1, grid_room_1, main_hall_1, silver_pit, the_coven_1,
          the_vestibule_1, steel_vault_3, golden_pit, hallway_of_sentries,
          crystal_vault_4, iron_vault_3, final_vault]

Skill      XL: |  1 |
---------------+----+-----
Short Blades   | 5 |  5.8
Fighting       | |  1.5
Throwing       | |  1.0
Dodging        | |  3.2
Spellcasting   | |  2.6
Translocations | |  4.4

Action                     || total
---------------------------++-------
  Melee: Dagger            ||    49
         Short sword       ||     7
 Invoke: Line Pass         ||     1
    Use: Potion            ||     4
 Armour: Robe              ||     5
  Dodge: Dodged            ||    75

Table legend: (Time is in decaauts)
 A = Elapsed time spent in this place.
 B = Non-inter-level travel time spent in this place.
 C = Inter-level travel time spent in this place.
 D = Time resting spent in this place.
 E = Time spent auto-exploring this place.
 F = Levels seen in this place.
 G = Mean time per level.
                   A        B        C        D        E       F      G
               +--------+--------+--------+--------+--------+-----+--------+
         Total |    109 |    100 |      9 |      0 |      0 |   1 |  109.0 |
       Dungeon |    109 |    100 |      9 |      0 |      0 |   1 |  109.0 |
               +--------+--------+--------+--------+--------+-----+--------+

Top non-repeatable levels by time:
       D: 109 daAuts
